 Dungeon Crawl Stone Soup version 0.31-a0-851-g7ff8af7976 (webtiles) character file.

Game seed: 13905409479109615179

49253 BinkBink the Blocker (level 14, -7/146 HPs)
             Began as a Troll Fighter on Oct 5, 2023.
             Was the Champion of Okawaru.
             Killed by divine providence
             ... invoked by an orc high priest
              (17 damage)
             ... on level 2 of the Orcish Mines.
             The game lasted 00:31:30 (15557 turns).

BinkBink the Blocker (Troll Fighter)               Turns: 15557, Time: 00:31:31

Health: -7/146     AC:  6    Str: 31      XL:     14   Next: 15%
Magic:  11/11      EV: 24    Int:  1 (2)  God:    Okawaru [******]
Gold:   2158       SH: 17    Dex: 15      Spells: 13/13 levels left

rFire   . . .        P - +9 flail "Tok Gidede" {venom, rN++ Int-2 Dex+6}
rCold   . . .        c - +0 kite shield
rNeg    + + .        b - +0 robe
rPois   .            i - +1 hat
rElec   .            q - +0 cloak
rCorr   .            (gloves unavailable)
SInv    .            (boots unavailable)
Will    +....        s - amulet of reflection
Stlth   +            n - +5 ring of evasion
HPRegen 1.24/turn    t - +5 ring of evasion
MPRegen 0.12/turn

%: reflection
@: mighty
A: large, unfitting armour, claws 3, regeneration 1, shaggy fur 1, tough skin 1,
deterioration 1, low MP 1
a: Renounce Religion, Heroism, Finesse, Duel, Receive Weapon, Receive Armour


You were on level 2 of the Orcish Mines.
You worshipped Okawaru.
Okawaru was exalted by your worship.
You visited 2 branches of the dungeon, and saw 15 of its levels.

You collected 2224 gold pieces.
You spent 66 gold pieces at shops.

Inventory:

Hand Weapons
 m - the +5 war axe of Beinilip {heavy, Str+2 Int+2}
   (You found it on level 6 of the Dungeon)

   Str+2:     It affects your strength (+2).
   Int+2:     It affects your intelligence (+2).
 y - a +4 dire flail
 G - a +6 flail
 P - the +9 flail "Tok Gidede" (weapon) {venom, rN++ Int-2 Dex+6}
   (You found it on level 9 of the Dungeon)

   Int-2:     It affects your intelligence (-2).
   Dex+6:     It affects your dexterity (+6).
   rN++:      It greatly protects you from negative energy.
 T - a +2 great mace of holy wrath
 U - a +2 vampiric battleaxe
Armour
 b - a +0 robe (worn)
 c - a +0 kite shield (worn)
 i - a +1 hat (worn)
 q - a +0 cloak (worn)
Jewellery
 n - a +5 ring of evasion (left claw)
 r - a +6 ring of dexterity
 s - an amulet of reflection (around neck)
 t - a +5 ring of evasion (right claw)
 D - a ring of protection from fire
 J - an amulet of magic regeneration
Talismans
 j - a flux talisman
Wands
 B - a wand of mindburst (10)
 E - a wand of charming (6)
 I - a wand of acid (13)
 K - a wand of flame (5)
 Q - a wand of roots (6)
Scrolls
 e - a scroll of silence
 g - 2 scrolls of revelation
 k - 4 scrolls of enchant armour
 l - 2 scrolls of summoning
 o - 2 scrolls of fear
 p - 7 scrolls of teleportation
 u - 2 scrolls of noise
 A - 2 scrolls of vulnerability
 F - a scroll of identify
 L - a scroll of torment
 N - a scroll of amnesia
 O - 3 scrolls of immolation
 R - a scroll of enchant weapon
Potions
 a - 2 potions of brilliance {unknown}
 d - 2 potions of might
 f - 4 potions of magic
 h - 7 potions of curing
 v - 3 potions of enlightenment
 w - 2 potions of degeneration {unknown}
 x - 2 potions of mutation {unknown}
 z - 2 potions of haste {unknown}
 C - a potion of cancellation {unknown}
 H - a potion of lignification {unknown}
 M - 2 potions of attraction
 S - a potion of heal wounds {unknown}


   Skills:
 + Level 11.0 Fighting
 + Level 11.8 Maces & Flails
 + Level 11.0 Dodging
 + Level 12.0 Shields


You had 13 spell levels left.
You didn't know any spells.
Your spell library contained the following spells:

 Spells                   Type           Power      Damage    Failure   Level
 Magic Dart               Conj           0%         1d3       71%         1
 Necrotise                Necr           0%         1d4       71%         1
 Scorch                   Fire           0%         2d5       83%         2
 Mephitic Cloud           Conj/Pois/Air  0%         N/A       97%         3
 Vampiric Draining        Necr           0%         2d6       97%         3
 Flame Wave               Conj/Fire      0%         2d4       100%        4
 Agony                    Necr           0%         N/A       100%        5
 Call Imp                 Summ           Unusable   N/A       N/A         2
 Summon Cactus Giant      Summ           Unusable   N/A       N/A         6

Dungeon Overview and Level Annotations

Branches:
Dungeon (13/15)            Temple (0/1) D:7            Lair (0/5) D:11
    Orc (2/2) D:12            Elf (0/3) Orc:2        Vaults (0/5) D:13

Altars:
Elyvilon
Gozag
Kikubaaqudgha
Okawaru
Sif Muna
Uskayaw
Zin

Shops:
D:4 !   Orc:2 :=*(

Annotations:
D:10 1 runed translucent door


Innate Abilities, Weirdness & Mutations

You are too large for most types of armour.
You have claws for hands.
Your natural rate of healing is unusually fast.
You are covered in fur. (AC +1)
You have tough skin. (AC +1)
Your body sometimes deteriorates upon taking damage.
Your magical capacity is low. (-10% MP)


Message History

* * * LOW HITPOINT WARNING * * *
You block the orc warrior's attack.
Your Dodging skill increases to level 11!
Your Shields skill increases to level 12!
Things that are here:
a +0 dagger; an orc corpse You feel better.
The orc warrior misses you. You block the orc warrior's attack. x2
You feel very mighty all of a sudden. You block the orc warrior's attack.
The orc warrior misses you. You block the orc warrior's attack.
The orc warrior attacks as it pursues you!
The orc warrior misses you.
You barely miss the orc warrior. You block the orc warrior's attack.
You hit the orc warrior.
The orc warrior is lightly wounded.
You block the orc warrior's attack. The orc warrior misses you.
You bludgeon the orc warrior!!
The orc warrior is severely wounded.
You block the orc warrior's attack. The orc warrior completely misses you.
You closely miss the orc warrior.
The orc warrior is severely wounded.
You block the orc warrior's attack. Something barely misses you.
The orc warrior completely misses you.
The orc warrior throws a boomerang.
You sock the orc warrior!
You kill the orc warrior!
Okawaru accepts your kill.
The orc priest calls down the wrath of Beogh upon you.
Beogh smites you!
* * * LOW HITPOINT WARNING * * *
The orc warrior misses you. You block the orc warrior's attack.
You block the orc warrior's attack.
The orc high priest mumbles some strange prayers to Beogh against you.
Beogh smites you!
* * * LOW HITPOINT WARNING * * *
Your body deteriorates!
You feel dopey. You block the orc's attack.
The orc high priest calls down the wrath of Beogh upon you.
Beogh smites you!
You die...

...##8)8##...o....##
####.....####oo)o..##
##.......#####ooo..##
#.........# ##oo.o.##
#..8._.8..#
##o3oo..##
#.........#
#.)o.....#
##.......##
#..o.....# ##.....##
#....∩...# ##8.8##
##@......# #####
#......## ###...##
####


You could see a soul eater (summoned), an orc high priest, 4 orc warriors, 3 orc
priests and 4 orcs.

Vanquished Creatures
  Gastronok (D:8)
  Frances (D:13)
  An ironbound preserver (D:13)
  2 orc warlords (Orc:2)
  Josephine (D:13)
  A catoblepas (D:13)
  A boulder beetle (D:12)
  4 centaur warriors
  9 two-headed ogres
  A tengu warrior (D:13)
  3 orc high priests (Orc:2)
  Amaemon (D:8)
  4 skeletal warriors (D:13)
  Pikel (D:5)
  6 orc knights
  A deep elf pyromancer (D:12)
  2 ugly things
  4 cyclopes
  4 orc sorcerers
  Joseph (D:7)
  A gargoyle (D:13)
  An orange demon (D:8)
  Jeremiah (D:6)
  3 unseen horrors
  8 trolls
  A hornet (D:10)
  5 slime creatures (D:13)
  3 shadows
  4 wraiths
  A wyvern (D:9)
  26 yaks
  A hog (shapeshifter) (D:13)
  12 vampire mosquitoes
  Grum (D:8)
  3 wargs
  An acid dragon (D:12)
  2 floating eyes
  Duvessa (D:7)
  42 orc warriors
  2 sky beasts (D:8)
  6 centaurs
  2 wolves (D:8)
  2 phantoms (D:6)
  23 ogres
  2 bullfrogs
  A gnoll sergeant (D:10)
  3 scorpions
  16 wights
  Dowan (D:7)
  6 killer bees
  5 howler monkeys
  33 orc priests
  A jelly (D:7)
  3 hounds
  A gnoll bouda (D:5)
  An iguana (D:7)
  2 sleepcaps
  Terence (D:2)
  34 orc wizards
  6 adders
  13 gnolls
  A shadow imp (D:6)
  An ufetubus (D:6)
  2 worms (D:2)
  2 dart slugs
  116 orcs
  3 bats
  4 endoplasms
  4 giant cockroaches
  6 goblins
  3 hobgoblins
  5 jackals
  2 quokkas (D:1)
  8 ball pythons
  A frilled lizard (D:3)
  A kobold (D:1)
  7 rats
496 creatures vanquished.

Vanquished Creatures (others)
  A human (D:7)
  An orc wizard (D:5)
2 creatures vanquished.

Grand Total: 498 creatures vanquished

Notes
Turn   | Place    | Note
-------+----------+-------------------------------------------
     0 | D:1      | BinkBink the Troll Fighter began the quest for the Orb.
     0 | D:1      | Reached XP level 1. HP: 22/22 MP: 0/0
   136 | D:1      | Reached XP level 2. HP: 25/29 MP: 1/1
   586 | D:1      | Reached skill level 3 in Shields
   902 | D:2      | Reached XP level 3. HP: 33/36 MP: 2/2
  1267 | D:2      | Noticed Terence
  1279 | D:2      | Killed Terence
  1280 | D:2      | Reached XP level 4. HP: 44/44 MP: 3/3
  1613 | D:3      | Found a hide-covered altar of Uskayaw.
  1681 | D:3      | Reached XP level 5. HP: 29/53 MP: 4/4
  1849 | D:3      | Found a faded altar of an unknown god.
  2387 | D:4      | Noticed an ogre
  2407 | D:4      | Killed an ogre
  2408 | D:4      | Reached XP level 6. HP: 50/61 MP: 5/5
  2441 | D:4      | Found a glowing silver altar of Zin.
  2442 | D:4      | Found an opulent altar of Gozag.
  2884 | D:4      | Found Dom Wul's Distillery.
  2895 | D:4      | Bought a potion of curing for 33 gold pieces
  2895 | D:4      | Bought a potion of curing for 33 gold pieces
  2938 | D:4      | Found a white marble altar of Elyvilon.
  2983 | D:5      | Entered Level 5 of the Dungeon
  2991 | D:5      | Reached skill level 4 in Shields
  3250 | D:5      | Found a shimmering blue altar of Sif Muna.
  3429 | D:5      | Reached XP level 7. HP: 68/68 MP: 6/6
  3764 | D:5      | Noticed Pikel
  3796 | D:5      | Killed Pikel
  3797 | D:5      | Reached skill level 5 in Shields
  3797 | D:5      | Reached XP level 8. HP: 33/79 MP: 7/7
  3998 | D:6      | Identified the +5 war axe of Beinilip {heavy, Str+2 Int+2}
  4128 | D:5      | Reached skill level 5 in Fighting
  4128 | D:5      | Reached skill level 5 in Maces & Flails
  4128 | D:5      | Reached skill level 5 in Dodging
  4339 | D:6      | Reached skill level 6 in Shields
  4365 | D:6      | Reached XP level 9. HP: 88/88 MP: 8/8
  4511 | D:6      | Found an iron altar of Okawaru.
  4515 | D:6      | Noticed Jeremiah
  4521 | D:6      | Became a worshipper of Warmaster Okawaru
  4780 | D:6      | Killed Jeremiah
  4999 | D:6      | Reached * piety under Okawaru
  5404 | D:7      | Reached skill level 7 in Shields
  5410 | D:7      | Noticed a two-headed ogre
  5427 | D:7      | Noticed Joseph
  5490 | D:7      | Killed Joseph
  5548 | D:7      | Found a staircase to the Ecumenical Temple.
  5579 | D:7      | Reached XP level 10. HP: 88/100 MP: 9/9
  5616 | D:7      | Found an ancient bone altar of Kikubaaqudgha.
  5641 | D:7      | Noticed Duvessa
  5641 | D:7      | Noticed Dowan
  6054 | D:7      | Killed Duvessa
  6068 | D:7      | Killed Dowan
  6665 | D:5      | Identified a scroll of acquirement
  6665 | D:5      | Acquired 1003 gold pieces
  6796 | D:8      | Noticed Grum
  6813 | D:8      | Killed Grum
  6813 | D:8      | Reached ** piety under Okawaru
  6978 | D:8      | Noticed Gastronok
  6997 | D:8      | Killed Gastronok
  6997 | D:8      | Reached *** piety under Okawaru
  6998 | D:8      | Reached skill level 8 in Shields
  7347 | D:8      | You fall into a shaft and drop 3 floors!
  7520 | D:11     | Found a staircase to the Lair.
  7525 | D:11     | Reached **** piety under Okawaru
  7649 | D:11     | Reached XP level 11. HP: 74/109 MP: 10/10
  7858 | D:10     | Entered Level 10 of the Dungeon
  7880 | D:10     | Noticed a two-headed ogre
  7896 | D:10     | Killed a two-headed ogre
  7961 | D:10     | Noticed a two-headed ogre
  7970 | D:10     | Killed a two-headed ogre
  7996 | D:10     | Noticed a sixfirhy
  8038 | D:10     | Reached ***** piety under Okawaru
  8094 | D:10     | Found a runed translucent door.
  8343 | D:10     | Reached skill level 9 in Shields
  8626 | D:11     | Noticed an orc sorcerer
  8628 | D:11     | Paralysed by a floating eye for 2 turns
  8633 | D:11     | Paralysed by a floating eye for 3 turns
  8641 | D:11     | Paralysed by a floating eye for 2 turns
  8810 | D:9      | Noticed a two-headed ogre
  8823 | D:9      | Killed a two-headed ogre
  8997 | D:9      | Noticed a two-headed ogre
  9005 | D:9      | Killed a two-headed ogre
  9185 | D:9      | Identified the +9 flail "Tok Gidede" {venom, rN++ Int-2
                  | Dex+6}
  9829 | D:8      | Received a gift from Okawaru
 10028 | D:8      | Noticed Amaemon
 10042 | D:8      | Killed Amaemon
 10202 | D:11     | Killed an orc sorcerer
 10355 | D:11     | Reached XP level 12. HP: 122/122 MP: 11/11
 10919 | D:12     | Found a staircase to the Orcish Mines.
 10948 | D:12     | Noticed a two-headed ogre
 10973 | D:12     | Killed a two-headed ogre
 10973 | D:12     | Reached ****** piety under Okawaru
 10997 | D:12     | Noticed a centaur warrior
 11022 | D:12     | Reached skill level 10 in Shields
 11025 | D:12     | Killed a centaur warrior
 11073 | D:12     | Noticed a two-headed ogre
 11076 | D:12     | Noticed a boulder beetle
 11083 | D:12     | Killed a two-headed ogre
 11090 | D:12     | Killed a boulder beetle
 11182 | D:12     | Reached skill level 10 in Maces & Flails
 11204 | D:12     | Noticed a two-headed ogre
 11209 | D:12     | Killed a two-headed ogre
 11209 | D:12     | Received a gift from Okawaru
 12272 | D:13     | Noticed a tengu warrior
 12276 | D:13     | Found a gate to the Vaults.
 12276 | D:13     | Noticed an ironbound preserver
 12301 | D:13     | Received a gift from Okawaru
 12328 | D:13     | Killed an ironbound preserver
 12329 | D:13     | Reached XP level 13. HP: 132/133 MP: 12/12
 12376 | D:13     | Reached skill level 10 in Fighting
 12689 | D:13     | Reached skill level 10 in Dodging
 12730 | D:13     | Reached skill level 11 in Shields
 12757 | D:13     | Received a gift from Okawaru
 12802 | D:13     | Noticed Josephine
 12810 | D:13     | Killed Josephine
 12811 | D:13     | Noticed Frances
 12848 | D:13     | HP: 1/133 [Frances/iron shot (41)]
 12968 | D:13     | Killed Frances
 13388 | Orc:1    | Entered Level 1 of the Orcish Mines
 13812 | Orc:2    | Entered Level 2 of the Orcish Mines
 14159 | Orc:2    | Received a gift from Okawaru
 14572 | Orc:2    | Found Qaq Foll's General Store.
 14589 | Orc:2    | Found Ecurch's Weapon Shop.
 14607 | Orc:2    | Noticed an orc warlord
 14634 | Orc:2    | Killed an orc warlord
 14634 | Orc:2    | Received a gift from Okawaru
 14926 | Orc:2    | Found Uzotriere's Book Shoppe.
 14934 | Orc:2    | Gained mutation: Your magical capacity is low. (-10% MP) [a
                  | neqoxec]
 14945 | Orc:2    | Gained mutation: Your body sometimes deteriorates upon
                  | taking damage. [a neqoxec]
 15147 | Orc:2    | Reached XP level 14. HP: 144/144 MP: 11/11
 15155 | Orc:2    | Paralysed by an orc sorcerer for 4 turns
 15214 | Orc:2    | Received a gift from Okawaru
 15267 | Orc:2    | Found a staircase to the Elven Halls.
 15376 | Orc:2    | Noticed an orc warlord
 15406 | Orc:2    | Killed an orc warlord
 15507 | Orc:2    | Found Xarchun's Jewellery Boutique.
 15547 | Orc:2    | Reached skill level 12 in Shields
 15557 | Orc:2    | Killed from afar by an orc high priest

Illustrated notes

Levels and vault maps discovered:
D:1:      elethiomel_arrival_diamonds, layout_loops_ring
D:2:      layout_basic, uniq_terence
D:3:      layout_basic, nicolae_uskayaw_suspiria,
          shapermc_ecumenical_altar_petra
D:4:      cheibrodos_helix_gallery, layout_basic, nicolae_elyvilon_temple_path,
          grunt_temple_overflow_gold_and_silver, serial_shops,
          nicolae_shop_tiny_waterfront
D:5:      layout_loops_corners, mainiacjoe_overflow_surrounded_room, uniq_pikel
D:6:      layout_cave_pods, okawaru_gym_becter, moated_statue, uniq_jeremiah
D:7:      layout_loops_cross, tgw_kikubaaqudgha,
          minmay_temple_entry_statues_fountains, serial_co_window_serial,
          co_window_paths_a, co_window_paths_a, co_window_paths_a,
          co_window_cross_1, co_window_paths_a, co_window_corner_a,
          co_window_unsneaky_path_b, co_window_2corner,
          co_window_of_opportunity_b, co_window_of_opportunity_c,
          co_window_corner_b, co_window_of_opportunity_c, co_window_broadway_c,
          uniq_duvessa, uniq_joseph
D:8:      layout_basic, uniq_grum, uniq_amaemon, uniq_gastronok
D:9:      layout_loops_corners
D:10:     cheibrodos_shockbox, layout_basic
D:11:     hellmonk_paralyzer, layout_cave_pods, lair_entry_dummy
D:12:     layout_stronghold, david_orc_5
D:13:     layout_stronghold, skrybe_vaults_entry_preservation,
          grunt_ministairs_8, uniq_frances, uniq_josephine
Orc:1:    layout_caves, nicolae_orc_crystal_geode
Orc:2:    pubby_orc_utopia

Skill      XL: |  1  2  3  4  5  6  7  8  9 10 11 12 13 14 |
---------------+-------------------------------------------+-----
Maces & Flails | 2 3 4 5 6 8 9 10 11 | 11.8
Shields        | 3 4 5 6 7 8 9 10 11 12 | 12.0
Dodging        | 3 4 5 6 7 8 9 10 11 | 11.0
Fighting       | 3 4 5 6 7 8 9 10 11 | 11.0

Action                     |  1- 3 |  4- 6 |  7- 9 | 10-12 | 13-15 || total
---------------------------+-------+-------+-------+-------+-------++-------
  Melee: Flail             |   106 |   236 |   416 |   843 |   574 ||  2175
    Use: Scroll            |       |       |     8 |    12 |       ||    20
         Potion            |       |       |     1 |     2 |     3 ||     6
   Stab: Sleeping          |     1 |       |       |       |       ||     1
         Invisible         |       |       |       |     2 |       ||     2
         Distracted        |       |       |       |       |     1 ||     1
 Armour: Robe              |    51 |    93 |   150 |   255 |   174 ||   723
  Dodge: Dodged            |    42 |   129 |   283 |   480 |   362 ||  1296
  Block: Kite shield       |    44 |   136 |   303 |   662 |   516 ||  1661
         Reflection        |       |     2 |     4 |     7 |    21 ||    34

Table legend: (Time is in decaauts)
 A = Elapsed time spent in this place.
 B = Non-inter-level travel time spent in this place.
 C = Inter-level travel time spent in this place.
 D = Time resting spent in this place.
 E = Time spent auto-exploring this place.
 F = Levels seen in this place.
 G = Mean time per level.
                   A        B        C        D        E       F      G
               +--------+--------+--------+--------+--------+-----+--------+
         Total |  15794 |  15126 |    668 |     96 |  10909 |  15 | 1052.9 |
       Dungeon |  13676 |  13023 |    653 |     93 |   9539 |  13 | 1052.0 |
  Orcish Mines |   2117 |   2103 |     14 |      3 |   1370 |   2 | 1058.5 |
               +--------+--------+--------+--------+--------+-----+--------+

Top non-repeatable levels by time:
   Orc:2: 1673 daAuts
     D:6: 1453 daAuts
    D:12: 1445 daAuts
    D:13: 1382 daAuts
     D:7: 1242 daAuts
     D:5: 1174 daAuts
     D:8: 1133 daAuts
    D:11: 1032 daAuts
     D:3: 954 daAuts
     D:9: 907 daAuts
    D:10: 811 daAuts
     D:4: 764 daAuts
     D:1: 754 daAuts
     D:2: 619 daAuts
   Orc:1: 444 daAuts
